Map: Eternal Empire LE

Players

DnS - Winner!

  • Race: Protoss Protoss
  • Spawn Location: 7:00

RiSky

  • Race: Zerg Zerg
  • Spawn Location: 1:00

Event: IEM Katowice 2020

VOD

Have the link to the VOD?

Description

Time

  • Played on: Feb. 25, 2020, 4:29 a.m.
  • Length: 4:46

All games in this series

Show
View Real Time Build Order
Export as new Build Order

DnS Protoss - Winner!

Build Orders: 1 Gate Expand, Oracle Opening 

Get SALT Encoding   

  12  0:00  Probe  
  13  0:13  Probe  
  14  0:20  Pylon  
  14  0:25  Probe  
  15  0:38  Probe (Chrono Boost)  
  15  0:40  Gateway  
  16  0:47  Probe (Chrono Boost)  
  17  0:50  Assimilator  
  17  0:52  Probe (Chrono Boost)  
  18  1:04  Probe  
  19  1:16  Probe  
  20  1:26  Nexus  
  20  1:37  Cybernetics Core  
  20  1:40  Probe  
  21  1:49  Assimilator  
  21  1:52  Probe  
  22  1:56  Pylon  
  22  2:04  Probe  
  23  2:11  Adept (Chrono Boost)  
  23  2:12  Probe  
  25  2:18  Stargate  
  25  2:20  Probe  
  26  2:28  Warp Gate  
  27  2:33  Probe (Chrono Boost)  
  27  2:34  Adept  
  30  2:41  Probe (Chrono Boost)  
  31  2:49  Probe (Chrono Boost)  
  31  2:50  Probe (Chrono Boost)  
  33  2:58  Probe  
  34  3:05  Pylon  
  35  3:06  Gateway  
  35  3:08  Oracle (Chrono Boost)  
  36  3:13  Adept  
  36  3:15  Probe  
  36  3:18  Probe  
  40  3:32  Pylon  
  40  3:34  Probe x2  
  42  3:36  Oracle (Chrono Boost)  
  45  3:46  Probe  
  46  3:48  Shield Battery  
  46  3:50  Probe, Adept  
  49  3:58  Probe  
  49  4:01  Assimilator  
  49  4:02  Probe, Robotics Facility  
  51  4:05  Assimilator  
  51  4:10  Probe  
  51  4:15  Zealot  
  54  4:23  Cybernetics Core  
  54  4:29  Gateway  
Show
View Real Time Build Order
Export as new Build Order

RiSky Zerg 

Build Orders: Hatch First 

Get SALT Encoding   

  12  0:00  Drone  
  13  0:12  Overlord  
  13  0:17  Drone  
  14  0:30  Drone x2  
  16  0:40  Drone  
  17  0:47  Drone  
  18  0:55  Hatchery  
  17  0:58  Drone  
  17  1:02  Extractor  
  17  1:13  Spawning Pool  
  17  1:16  Drone  
  17  1:20  Drone  
  18  1:27  Drone  
  19  1:38  Overlord  
  19  1:51  Drone  
  20  2:00  Queen  
  22  2:01  Zergling x2  
  22  2:05  Metabolic Boost  
  22  2:06  Queen  
  25  2:08  Zergling x2  
  25  2:12  Zergling x2  
  27  2:19  Zergling x2  
  28  2:23  Zergling x2  
  29  2:37  Hatchery  
  29  2:42  Zergling x2  
  29  2:49  Zergling x6  
  31  3:01  Zergling x6  
  34  3:06  Zergling x2  
  34  3:11  Zergling x2  
  35  3:14  Overlord  
  35  3:16  Zergling x2  
  35  3:21  Zergling x2  
  36  3:34  Zergling x6  
  37  3:35  Zergling x2  
  37  3:37  Zergling x4  
  37  3:41  Zergling x6  
  40  3:44  Zergling x4  
  41  3:48  Zergling x2  
  41  3:51  Zergling x2  
  41  3:55  Zergling x2  
  44  4:00  Zergling x4  
  45  4:03  Zergling x2  
  44  4:10  Zergling x2  
  44  4:15  Zergling x8  
  45  4:17  Zergling x2  
  45  4:21  Zergling x2  
  47  4:26  Zergling x4  
  47  4:27  Zergling x2  

Tags
 
Add a new tag
Caveats
  • Supply blocks, unpowered buildings, or Contaminate may cause inaccurate times.
  • Supply counts are checked every 10 seconds.